Description

test

Build Order

Get SALT Encoding   

  14  00:17  Supply Depot  
  16  00:39  Barracks  
  16  00:44  Refinery  
  20  01:28  Orbital Command, Marine  
  20  01:44  Command Center  
  20  01:46  Barracks Reactor  
  20  01:53  Supply Depot  
  22  02:10  Factory  
  22  02:15  Refinery  
  25  02:23  Marine x2  
  26  02:33  Marine x2  
  31  02:55  Starport, Widow Mine  
  31  02:56  Orbital Command  
  33  03:01  Marine x2  
  35  03:10  Widow Mine  
  40  03:23  Marine x2  
  42  03:33  Medivac  
  44  03:34  Supply Depot  
  46  03:38  Widow Mine  
  50  03:59  Factory Tech Lab  
  50  04:03  Starport Tech Lab  
  50  04:05  Marine  
  54  04:12  Supply Depot  
  57  04:18  Siege Tank  
  61  04:21  Raven  
  61  04:34  Marine x2  
  61  04:44  Command Center  
Spawning Tool Build Advisor. Get it on Overwolf

Go to:

Details

  • Created by: sosdavi
  • Published on: May 04, 2022
  • Modified on: May 04, 2022
  • Patch: 4.11.0
  • Difficulty: Easy
Show
View Real Time Build Order
Export as new Build Order

Comments (0)

There are no comments. Be the first!

Create an account to comment!